 Dungeon Crawl Stone Soup version 0.31.0-12-g77e489cdc1 (webtiles) character file.

Game seed: 7114375073555705830

44 hawla the Slasher (level 3, -1/31 HPs)
             Began as a Minotaur Fighter on Feb 23, 2024.
             Slain by a gnoll
             ... wielding a +0 halberd
              (9 damage)
             ... on level 2 of the Dungeon on Feb 25, 2024.
             The game lasted 00:02:07 (948 turns).

hawla the Slasher (Minotaur Fighter)                 Turns: 948, Time: 00:02:08

Health: -1/31      AC: 12    Str: 20    XL:     3   Next: 41%
Magic:  2/2        EV:  5    Int:  5    God:
Gold:   35         SH:  4    Dex: 11    Spells: 2/2 levels left

rFire   . . .        a - +0 long sword
rCold   . . .        c - +0 buckler
rNeg    . . .        i - +0 plate armour
rPois   .            (helmet restricted)
rElec   .            (no cloak)
rCorr   .            g - +0 pair of gloves
SInv    .            (no boots)
Will    .....        (no amulet) Stlth
                     (no ring)
HPRegen 0.25/turn    (no ring)
MPRegen 0.08/turn

%: no passive effects
@: mighty
A: horns 2, retaliatory headbutt
a: no special abilities


You were on level 2 of the Dungeon.
You visited 1 branch of the dungeon, and saw 2 of its levels.

You collected 35 gold pieces.

Inventory:

Hand Weapons
 a - a +0 long sword (weapon)
Missiles
 j - 4 poisoned darts (quivered)
Armour
 c - a +0 buckler (worn)
 g - a +0 pair of gloves (worn)
 i - a +0 plate armour (worn)
Scrolls
 b - 2 scrolls of identify {unknown}
 e - a scroll of teleportation {unknown}
 h - a scroll of blinking {unknown}


   Skills:
 - Level 3.6 Fighting
 + Level 4.7 Long Blades
 - Level 3.6 Armour
 - Level 3.6 Shields


You had 2 spell levels left.
You didn't know any spells.
Your spell library was empty.

Dungeon Overview and Level Annotations

Branches:
Dungeon (2/15)

Altars:


Innate Abilities, Weirdness & Mutations

You have a pair of horns on your head.
You reflexively headbutt those who attack you in melee.


Message History

The gnoll hits you from afar with a +0 halberd.
The dart slug barely misses you. The gnoll hits you but does no damage.
Saving game... please wait.
Welcome back, hawla the Minotaur Fighter.
Press ? for a list of commands and other information.
Sorry, you're not good enough to have a special ability.
You don't know any spells.
Sorry, you're not good enough to have a special ability.
The dart slug launches a dart at you.
The slug dart hits you but does no damage.
Found 3 stones.
Found 4 poisoned darts.
The dart slug launches a dart at you. The slug dart hits you.
* * * LOW HITPOINT WARNING * * *
You see here 4 poisoned darts.
j - 4 poisoned darts You hit the hobgoblin but do no damage.
The hobgoblin hits you but does no damage.
The dart slug launches a dart at you.
The slug dart hits you but does no damage.
You barely miss the hobgoblin.
The hobgoblin hits you but does no damage.
You block the gnoll's attack.
You hit the hobgoblin but do no damage. The hobgoblin hits you.
* * * LOW HITPOINT WARNING * * *
The gnoll hits you from afar with a +0 halberd.
* * * LOW HITPOINT WARNING * * *
It was a potion of curing.
You feel better.
The hobgoblin hits you but does no damage.
The dart slug launches a dart at you.
The slug dart hits you but does no damage.
The gnoll hits you but does no damage.
You feel very mighty all of a sudden.
The hobgoblin hits you but does no damage.
The gnoll hits you from afar with a +0 halberd.
* * * LOW HITPOINT WARNING * * *
You closely miss the hobgoblin. The hobgoblin completely misses you.
The gnoll hits you from afar with a +0 halberd!
You die...

#...#.#....####†.
#........#)......
#..##.##...##.#..
#..##.####.##.#..
##...#.# #.##.##[
####...(..# #.##.##.
..........####.##.##.
#######..........#......
#......@gg...####......#
.........w##.####.......
#.######......g........#
#................
#####.####)##.###
##.####)# ## ........#
........# #........#


You could see a gnoll, a dart slug and a hobgoblin.

Vanquished Creatures
  2 gnolls (D:2)
  An adder (D:2)
  A ribbon worm (D:2)
  4 ball pythons (D:1)
  2 goblins (D:2)
  A hobgoblin (D:1)
  A quokka (D:1)
  A bat (D:2)
  2 frilled lizards (D:1)
  2 rats
17 creatures vanquished.

Notes
Turn   | Place    | Note
-------+----------+-------------------------------------------
     0 | D:1      | hawla the Minotaur Fighter began the quest for the Orb.
     0 | D:1      | Reached XP level 1. HP: 19/19 MP: 0/0
   184 | D:1      | Reached skill level 3 in Long Blades
   370 | D:1      | Found a faded altar of an unknown god.
   533 | D:1      | Reached XP level 2. HP: 26/26 MP: 1/1
   868 | D:2      | Identified the +0 robe of the Saviour {+Blink Int+4}
   905 | D:2      | Reached skill level 4 in Long Blades
   920 | D:2      | Reached XP level 3. HP: 31/31 MP: 2/2
   948 | D:2      | Slain by a gnoll

Illustrated notes

Levels and vault maps discovered:
D:1:      giann_horns, layout_basic, serial_forest, infiniplex_forest_3_way,
          infiniplex_forest_lined_3_way, infiniplex_forest_clump_double,
          infiniplex_forest_lined_2, infiniplex_forest_zigzag_1,
          infiniplex_forest_clump_small, infiniplex_forest_clump_tiny,
          infiniplex_forest_corner_1, shapermc_ecumenical_altar_hornbeckon
D:2:      layout_loops_ring

Skill      XL: |  1  2 |
---------------+-------+-----
Long Blades    | 3 4 |  4.7
Fighting       | |  3.6
Armour         | |  3.6
Shields        | |  3.6

Action                     || total
---------------------------++-------
  Melee: Long sword        ||    52
         Headbutt          ||     5
    Use: Potion            ||     2
 Armour: Scale mail        ||    13
         Plate armour      ||    28
  Dodge: Dodged            ||    25
  Block: Buckler           ||    13
